 Dungeon Crawl Stone Soup version 0.32-a0-468-g38b2580 (webtiles) character file.

Game seed: 10795997135400077889

1248 Remcycle the Chopper (level 8, -7/62 HPs)
             Began as a Formicid Fighter on Feb 24, 2024.
             Was a Follower of Okawaru.
             Succumbed to their own poison gas
             ... on level 6 of the Dungeon.
             The game lasted 00:09:19 (3864 turns).

Remcycle the Chopper (Formicid Fighter)             Turns: 3864, Time: 00:09:19

Health: -7/62      AC: 16    Str: 26    XL:     8   Next: 79%
Magic:  8/8        EV:  7    Int:  8    God:    Okawaru [*.....]
Gold:   260        SH:  6    Dex: 15    Spells: 7/7 levels left

rFire   + + +        b - +4 hand axe of Dullness {freeze, ^Drain rF+++ Str+5}
rCold   . . .        c - +0 buckler
rNeg    . . .        q - +4 plate armour
rPois   .            (helmet unavailable)
rElec   .            (no cloak)
rCorr   .            (no gloves)
SInv    +            (no boots)
Will    .....        (no amulet) Stlth
                     (no ring)
HPRegen 0.30/turn    (no ring)
MPRegen 0.11/turn

%: no passive effects
@: lethally poisoned (-7 -> -62)
A: permanent stasis, dig shafts and tunnels, antennae 3, four strong arms
a: Dig, Shaft Self, Renounce Religion, Heroism


You were on level 6 of the Dungeon.
You worshipped Okawaru.
Okawaru was aware of your devotion.
You visited 1 branch of the dungeon, and saw 6 of its levels.

You collected 260 gold pieces.

Inventory:

Hand Weapons
 b - the +4 hand axe of Dullness (weapon) {freeze, ^Drain rF+++ Str+5}
   (You found it on level 3 of the Dungeon)

   Str+5:     It affects your strength (+5).
   rF+++:     It renders you almost immune to fire.
   ^Drain:    It drains your maximum health when unequipped.
Armour
 c - a +0 buckler (worn)
 q - a +4 plate armour (worn)
Scrolls
 f - 2 scrolls of identify
 i - a scroll of enchant weapon
Potions
 d - 2 potions of might
 g - 2 potions of brilliance {unknown}
 h - a potion of lignification {unknown}
 j - a potion of berserk rage {unknown}
 l - a potion of mutation {unknown}
 p - 2 potions of curing
 r - a potion of resistance {unknown}


   Skills:
 - Level 5.3 Fighting
 + Level 7.6 Axes
 - Level 5.3 Armour
 - Level 6.5 Shields


You had 7 spell levels left.
You didn't know any spells.
Your spell library was empty.

Dungeon Overview and Level Annotations

Branches:
Dungeon (6/15)
 Temple: D:4-7

Altars:
Cheibriados
Fedhas
Nemelex Xobeh
Okawaru
Qazlal
Ru

Annotations:
D:6 Eustachio


Innate Abilities, Weirdness & Mutations

You cannot be hasted, slowed, berserked, paralysed or teleported.
You can dig through walls and to a lower floor.
You have a pair of large antennae on your head. (SInv)
Your four strong arms can wield two-handed weapons with a shield.


Message History

Flame seeps out of Eustachio.
Eustachio casts a spell.
As you read the scroll labelled UJAETE XORCHYSI, it crumbles to dust.
You hear a loud clanging noise!
It was a scroll of noise.
You hear a shout! x2
The quokka is engulfed in poison gas.
The quokka is poisoned.
The quokka bites you but does no damage.
The orc hits you but does no damage.
Eustachio is engulfed in poison gas.
Eustachio looks even sicker.
Flame seeps out of Eustachio.
You block Eustachio's attack.
You are engulfed in poison gas.
You are poisoned.
You feel very sick.
Flame seeps out of Eustachio.
The quokka is engulfed in poison gas.
The quokka looks even sicker.
You kill the quokka!
The quokka's corpse disappears in a puff of smoke!
The orc wizard gestures at you while chanting.
The puff of flame hits you but does no damage.
Eustachio is engulfed in poison gas.
Eustachio looks even sicker.
Flame seeps out of Eustachio.
You block Eustachio's attack.
Found 4 stones.
You are engulfed in poison gas.
You are more poisoned.
You feel extremely sick.
Eustachio looks as sick as possible!
Eustachio asks, "How can you live without manners, virtues and honour?"
Eustachio attacks as he pursues you! Eustachio hits you but does no damage.
You are engulfed in poison gas.
You are lethally poisoned!
You feel extremely sick.
Flame seeps out of Eustachio.
You are engulfed in poison gas.
You are more poisoned.
* * * LOW HITPOINT WARNING * * *
You feel extremely sick.
Flame seeps out of Eustachio.
Eustachio is engulfed in poison gas.
Eustachio looks as sick as possible!
Flame seeps out of Eustachio.
You are engulfed in poison gas.
You are more poisoned.
* * * LOW HITPOINT WARNING * * *
You die...

.. #§##
#☼☼○####
#§○§☼o#
#☼.☼☼§#
#§§o§o## .
#○○§§§§# ..#
#○§§☼@☼###...#
#§§§☼§§@§....#
#§§§§§##§#.(.#
#☼§§§☼# .# ##
#§○☼○§# .#
#§§§☼§# .#
#.....# .#
##.#+## .# ..
.#


You could see Eustachio (inner flame, extremely poisoned), an orc wizard (inner
flame) and 2 orcs.

Vanquished Creatures
  Sigmund (D:2)
  Edmund (D:4)
  A black bear (D:5)
  2 ogres (D:5)
  3 scorpions
  A killer bee (D:5)
  2 howler monkeys (D:5)
  2 bombardier beetles
  3 iguanas (D:5)
  10 gnolls
  7 adders
  2 ufetubi (D:5)
  A dart slug (D:4)
  10 orcs
  5 endoplasms
  2 giant cockroaches
  11 goblins
  12 hobgoblins
  13 jackals
  9 kobolds
  3 quokkas
  5 ball pythons
  8 bats
  2 frilled lizards (D:1)
  3 rats (D:1)
119 creatures vanquished.

Notes
Turn   | Place    | Note
-------+----------+-------------------------------------------
     0 | D:1      | Remcycle the Formicid Fighter began the quest for the Orb.
     0 | D:1      | Reached XP level 1. HP: 18/18 MP: 1/1
    81 | D:1      | Reached XP level 2. HP: 22/24 MP: 2/2
   350 | D:1      | Reached XP level 3. HP: 24/29 MP: 3/3
   483 | D:1      | Found a faded altar of an unknown god.
   770 | D:2      | Reached XP level 4. HP: 24/37 MP: 4/4
  1157 | D:2      | Reached XP level 5. HP: 42/42 MP: 5/5
  1212 | D:2      | Noticed Sigmund
  1218 | D:2      | Killed Sigmund
  1219 | D:2      | Reached skill level 3 in Axes
  1219 | D:2      | Reached skill level 5 in Shields
  1219 | D:2      | Reached XP level 6. HP: 45/49 MP: 6/6
  1742 | D:3      | Identified the +4 hand axe of Dullness {freeze, ^Drain
                  | rF+++ Str+5}
  1857 | D:3      | Found a sparkling altar of Nemelex Xobeh.
  1857 | D:3      | Found a blossoming altar of Fedhas.
  1860 | D:3      | Found a snail-covered altar of Cheibriados.
  2251 | D:4      | Reached XP level 7. HP: 55/55 MP: 7/7
  2355 | D:4      | Reached skill level 5 in Fighting
  2355 | D:4      | Reached skill level 5 in Armour
  2410 | D:4      | Found an iron altar of Okawaru.
  2416 | D:4      | Reached skill level 4 in Axes
  2430 | D:4      | Became a worshipper of Warmaster Okawaru
  2698 | D:4      | Noticed Edmund
  2710 | D:4      | Killed Edmund
  2814 | D:5      | Entered Level 5 of the Dungeon
  3084 | D:5      | Found a stormy altar of Qazlal.
  3149 | D:5      | Reached skill level 5 in Axes
  3149 | D:5      | Reached XP level 8. HP: 31/62 MP: 8/8
  3351 | D:5      | Reached skill level 6 in Axes
  3360 | D:5      | Reached * piety under Okawaru
  3401 | D:5      | Reached skill level 7 in Axes
  3539 | D:5      | Found a sacrificial altar of Ru.
  3856 | D:6      | Noticed Eustachio
  3864 | D:6      | Succumbed to their own poison gas

Illustrated notes

Levels and vault maps discovered:
D:1:      psy_arrival_fountain, layout_basic,
          hellmonk_ecumenical_altar_arch_garden, minmay_strange_pillars,
          minmay_misc_feat_secret_circle
D:2:      layout_rooms, nicolae_eternal_life, minmay_pentomino_u2, uniq_sigmund
D:3:      layout_loops_ring, gammafunk_temple_overflow_forgotten, minivault_23
D:4:      layout_rooms, okawaru_altar_gauntlet_db, uniq_edmund
D:5:      layout_basic, nicolae_ru_path_of_blood,
          mainiacjoe_overflow_surrounded_room, minmay_chambers_of_fives
D:6:      layout_basic, lightli_ossuary_entry_decrepit_ruins, uniq_eustachio,
          uniq_duvessa

Skill      XL: |  1  2  3  4  5  6  7  8 |
---------------+-------------------------+-----
Fighting       | 4 5 |  5.3
Armour         | 4 5 |  5.3
Axes           | 3 5 7 |  7.6
Shields        | 5 6 |  6.5

Action                     |  1- 3 |  4- 6 |  7- 9 || total
---------------------------+-------+-------+-------++-------
  Melee: War axe           |    78 |    59 |       ||   137
         Hand axe          |       |    29 |   137 ||   166
    Use: Scroll            |       |       |    12 ||    12
 Armour: Scale mail        |    61 |    43 |       ||   104
         Plate armour      |       |    35 |   104 ||   139
  Dodge: Dodged            |    61 |    47 |    39 ||   147
  Block: Buckler           |    30 |    29 |    30 ||    89

Table legend: (Time is in decaauts)
 A = Elapsed time spent in this place.
 B = Non-inter-level travel time spent in this place.
 C = Inter-level travel time spent in this place.
 D = Time resting spent in this place.
 E = Time spent auto-exploring this place.
 F = Levels seen in this place.
 G = Mean time per level.
                   A        B        C        D        E       F      G
               +--------+--------+--------+--------+--------+-----+--------+
         Total |   3930 |   3803 |    127 |    228 |   2869 |   6 |  655.0 |
       Dungeon |   3930 |   3803 |    127 |    228 |   2869 |   6 |  655.0 |
               +--------+--------+--------+--------+--------+-----+--------+

Top non-repeatable levels by time:
     D:5: 1043 daAuts
     D:2: 821 daAuts
     D:1: 795 daAuts
     D:3: 684 daAuts
     D:4: 578 daAuts
     D:6: 7 daAuts
